AoeStats
← TheButcher

Arena

506901271Analyzed
4v4 RM · 16d ago on Sep 15, 2026· 87m 49s· 8 players
Game mode
Random Map
Map size
Large (8 player)
Population
200
Speed
Normal
Resources
Standard
Victory
Conquest
Starting age
Dark Age
Ending age
Imperial Age
RankedLock teamsTeams togetherTeam positionsShared explorationLock speedFull tech treeHidden civsTurbo modeCheats
Victory
Defeat
🇲🇽 Aztecs · Mexico
679
+13
🇷🇺 Slavs · Russia
627
+15
🇦🇷 Turks · Argentina
607
+16
🇸🇪 Tupi · Sweden
505
+19
🇹🇷 Britons · Türkiye
688
-19
🇨🇭 Italians · Switzerland
605
-16
🇧🇬 Lithuanians · Bulgaria
598
-16
🇹🇷 Khmer · Türkiye
497
-12
duro-dur8
9:27 Feudal Age
10:24 Double-Bit Axe
11:10 Horse Collar
12:12 Wheelbarrow
21:18 Castle Age
21:38 Gold Mining
23:35 Hand Cart
23:30 Heavy Plow
23:46 Bow Saw
24:00 Stone Mining
26:38 Stone Shaft Mining
30:24 Imperial Age
30:36 Forging
30:33 Scale Barding Armor
29:59 Light Cavalry
30:44 Husbandry
30:57 Bloodlines
32:18 Two-Man Saw
31:51 Crop Rotation
31:16 Town Watch
31:18 Loom
32:13 Iron Casting
31:12 Hussar
35:47 Blast Furnace
35:08 Chain Barding Armor
59:51 Cavalier
Sedat
6:53 Loom
9:57 Feudal Age
12:25 Double-Bit Axe
12:57 Horse Collar
20:44 Castle Age
19:01 Padded Archer Armor
19:12 Fletching
20:53 Wheelbarrow
23:48 Town Watch
30:50 Imperial Age
28:55 Leather Archer Armor
30:08 Stone Mining
30:15 Gold Mining
31:06 Bodkin Arrow
33:39 Town Patrol
33:56 Hand Cart
36:14 Yeomen
37:13 Gold Shaft Mining
37:43 Heated Shot
37:49 Murder Holes
38:55 Chemistry
40:11 Ballistics
44:41 Elite Longbowman
47:13 Caravan
48:34 Scale Mail Armor
48:44 Forging
48:35 Bracer
49:06 Ring Archer Armor
48:03 Pikeman
49:17 Halberdier
55:01 Capped Ram
57:25 Elite Skirmisher
57:30 Crossbowman
TheButcher
12:36 Feudal Age
14:57 Double-Bit Axe
20:24 Horse Collar
24:53 Castle Age
26:48 Heavy Plow
27:02 Bow Saw
26:47 Gold Mining
26:48 Stone Mining
27:43 Wheelbarrow
26:54 Loom
26:55 Town Watch
27:55 Caravan
30:49 Stone Shaft Mining
37:57 Imperial Age
35:43 Hand Cart
39:43 Conscription
38:45 Elite Leitis
38:55 Elite Leitis
40:12 Hoardings
39:48 Hill Forts
39:50 Tower Shields
39:56 Tower Shields
40:32 Hoardings
41:44 Forging
41:35 Scale Mail Armor
41:41 Scale Barding Armor
41:27 Fletching
41:37 Padded Archer Armor
TNT1905
0:41 Loom
13:17 Feudal Age
15:17 Horse Collar
19:17 Stone Mining
19:17 Gold Mining
28:45 Castle Age
30:45 Heavy Plow
30:56 Scale Barding Armor
30:51 Scale Mail Armor
30:42 Fletching
31:02 Forging
30:53 Padded Archer Armor
31:33 Gold Shaft Mining
31:34 Stone Shaft Mining
30:52 Double-Bit Axe
31:22 Caravan
32:55 Bow Saw
34:35 Chain Barding Armor
34:30 Chain Mail Armor
34:51 Iron Casting
34:12 Bodkin Arrow
34:34 Leather Archer Armor
36:56 Town Watch
37:47 Wheelbarrow
40:22 Hand Cart
40:07 Town Patrol
42:38 Imperial Age
43:42 Coinage
44:40 Double Crossbow
44:41 Tusk Swords
44:01 Elite Ballista Elephant
44:22 Elite Battle Elephant
44:23 Cavalier
45:03 Husbandry
45:14 Bloodlines
44:25 Light Cavalry
48:42 Hussar
65:26 Plate Barding Armor
Itacate
0:40 Loom
11:01 Feudal Age
11:29 Town Watch
12:26 Wheelbarrow
13:10 Horse Collar
13:20 Double-Bit Axe
20:01 Gold Mining
20:02 Stone Mining
24:00 Castle Age
22:56 Man-at-Arms
25:49 Pikeman
28:18 Heavy Plow
29:49 Gold Shaft Mining
32:31 Imperial Age
30:02 Crossbowman
30:52 Treadmill Crane
32:52 Capped Ram
37:22 Conscription
37:38 Bow Saw
38:56 Elite Skirmisher
38:57 Arbalester
39:59 Atlatl
40:52 Fletching
42:51 Squires
42:36 Gambesons
42:38 Arson
42:13 Eagle Warrior
47:49 Elite Jaguar Warrior
53:48 Garland Wars
53:07 Long Swordsman
54:22 Heated Shot
54:52 Ballistics
54:29 Murder Holes
56:29 Siege Ram
56:45 Sappers
59:37 Chemistry
59:21 Bodkin Arrow
59:26 Padded Archer Armor
59:27 Scale Mail Armor
59:37 Forging
59:36 Scale Mail Armor
59:51 Forging
61:19 Crop Rotation
62:21 Elite Eagle Warrior
62:22 Two-Handed Swordsman
65:40 Iron Casting
65:05 Bracer
65:21 Leather Archer Armor
65:21 Chain Mail Armor
74:48 Champion
82:45 Stone Shaft Mining
87:09 Onager
Ronny. F Sweden
0:33 Loom
14:09 Feudal Age
14:52 Town Watch
15:42 Wheelbarrow
14:59 Stone Mining
15:45 Champi Runner
16:11 Arson
18:29 Padded Archer Armor
18:30 Scale Mail Armor
18:41 Forging
18:22 Fletching
22:49 Castle Age
23:18 Gold Mining
23:15 Double-Bit Axe
23:14 Horse Collar
24:25 Caravan
24:56 Coinage
24:43 Hand Cart
24:46 Squires
24:54 Heavy Plow
26:09 Town Patrol
27:03 Guard Tower
27:08 Murder Holes
26:54 Treadmill Crane
26:42 Champi Warrior
27:22 Pikeman
29:03 Heated Shot
29:31 Chain Mail Armor
31:40 Leather Archer Armor
31:20 Bodkin Arrow
32:16 Bow Saw
32:42 Gold Shaft Mining
32:44 Bodkin Arrow
33:25 Iron Casting
35:11 Caciques
39:25 Imperial Age
41:51 Sanctity
41:31 Devotion
41:57 Illumination
41:27 Herbal Medicine
42:08 Theocracy
41:53 Heresy
42:35 Hoardings
41:30 Sappers
41:45 Capped Ram
43:45 Siege Ram
46:10 Conscription
47:42 Two-Man Saw
47:15 Ring Archer Armor
47:15 Plate Mail Armor
47:23 Keep
46:34 Arrowslits
46:31 Elite Blackwood Archer
48:00 Banking
50:42 Curare
52:10 Halberdier
53:06 Elite Skirmisher
53:07 Crossbowman
54:23 Ballistics
54:46 Arbalester
55:06 Heavy Scorpion
56:47 Plate Mail Armor
56:18 Bracer
56:30 Elite Champi Warrior
61:06 Chemistry
67:23 Onager
87:39 Elite Ibirapema Warrior
xLEOx
12:06 Feudal Age
16:55 Castle Age
17:54 Double-Bit Axe
17:54 Horse Collar
19:42 Wheelbarrow
19:20 Heavy Plow
19:32 Bow Saw
22:04 Hand Cart
29:03 Imperial Age
30:20 Crop Rotation
30:53 Two-Man Saw
29:27 Elite Boyar
31:02 Conscription
31:38 Gold Mining
32:27 Forging
32:23 Scale Barding Armor
34:31 Chain Barding Armor
34:48 Iron Casting
38:39 Plate Barding Armor
39:07 Blast Furnace
38:31 Capped Ram
41:04 Siege Ram
42:42 Fortified Wall
MALA FAMA
1:23 Loom
10:42 Feudal Age
12:18 Double-Bit Axe
12:50 Horse Collar
16:48 Stone Mining
20:20 Wheelbarrow
22:38 Stone Mining
22:44 Gold Mining
25:48 Castle Age
24:23 Forging
27:42 Iron Casting
27:42 Heavy Plow
27:55 Bow Saw
28:22 Gold Shaft Mining
27:59 Scale Barding Armor
32:53 Chain Barding Armor
37:22 Imperial Age
36:01 Sipahi
37:44 Ballistics
37:53 Squires
39:57 Heavy Camel Rider
41:38 Hand Cart
45:13 Conscription
49:48 Caravan
53:31 Artillery
52:52 Elite Janissary
56:27 Bloodlines
60:36 Cavalier
67:01 Murder Holes
67:18 Masonry
67:35 Masonry
73:27 Husbandry
73:37 Bloodlines
75:02 Two-Man Saw
74:44 Architecture
74:02 Arrowslits
74:01 Treadmill Crane
Connection lost

Rejoining the realm…

Still unreachable

The connection could not be restored.

Session expired

The server has moved on; the page needs a fresh start.